 Dungeon Crawl Stone Soup version 0.28.0-53-g5a82cb258f (webtiles) character file.

Game seed: 13324774941309536785

29 MiltankisOP the Changer (level 3, 0/26 HPs)
             Began as a Merfolk Transmuter on June 17, 2022.
             Slain by an orc
             ... wielding a +0 hand axe
              (3 damage)
             ... on level 2 of the Dungeon.
             The game lasted 00:01:12 (1292 turns).

MiltankisOP the Changer (Merfolk Transmuter)        Turns: 1292, Time: 00:01:13

Health: 0/26       AC:  2    Str: 10    XL:     3   Next: 16%
Magic:  6/6        EV: 13    Int: 14    God:
Gold:   40         SH:  0    Dex: 14    Spells: 5/6 levels left

rFire   . . .      SeeInvis .     - Unarmed
rCold   . . .      Faith    .   (no shield)
rNeg    . . .      Spirit   .   a - +0 robe
rPois   .          Reflect  .   (helmet currently unavailable)
rElec   .          Harm     .   (no cloak)
rCorr   .          Rampage  .   (no gloves)
Will    .....                   (boots currently unavailable)
Stlth   +.........              (no amulet)
HPRegen 0.08/turn               (no ring)
MPRegen 0.10/turn               (no ring)

@: appendages (expiring)
A: horns 2, (nimble swimmer 2), mertail
a: End Transformation


You were on level 2 of the Dungeon.
You had temporarily grown beastly horns.
You visited 1 branch of the dungeon, and saw 2 of its levels.

You collected 40 gold pieces.

Inventory:

Hand Weapons
 i - the +9 mace "Birofof" {flame, rC+ Int+4 SInv}
   (You found it on level 2 of the Dungeon)

   It burns those it strikes, dealing additional fire damage.
   Int:       It affects your intelligence (+4).
   rC:        It protects you from cold.
   SInv:      It lets you see invisible.
Armour
 a - a +0 robe (worn)
Scrolls
 b - a scroll of fear {unknown}
 c - a scroll of teleportation {unknown}
 d - a scroll of summoning {unknown}
 e - a scroll of fog {unknown}
 g - 2 scrolls of blinking {unknown}
Potions
 f - 2 potions of lignification {unknown}
 h - 2 potions of magic {unknown}


   Skills:
 - Level 1.1 Fighting
 + Level 3.7 Dodging
 - Level 3.2 Unarmed Combat
 - Level 2.0 Spellcasting
 - Level 4.0 Transmutations


You had 5 spell levels left.
You knew the following spells:

 Your Spells              Type           Power      Damage    Failure   Level
a - Beastly Appendage     Tmut           24%        N/A       4%          1

Your spell library contained the following spells:

 Spells                   Type           Power      Damage    Failure   Level
 Wereblood                Tmut           12%        N/A       7%          2
 Spider Form              Tmut/Pois      7%         N/A       30%         3
 Blink                    Tloc           2%         N/A       34%         2
 Lesser Beckoning         Tloc           1%         N/A       56%         3
 Ice Form                 Ice/Tmut       7%         N/A       71%         4
 Manifold Assault         Tloc           1%         N/A       100%        5


Dungeon Overview and Level Annotations

Branches:
Dungeon (2/15)

Altars:


Innate Abilities, Weirdness & Mutations

You have temporarily grown beastly horns.
((You are very nimble when in or above water. (Stealth+, EV+, Speed+++)))
Your lower body shifts to a powerful aquatic tail in water.


Message History

Your horns disappear.
Found 6 gold pieces.
Found 5 gold pieces.
You see here the +9 mace "Birofof" {flame, rC+ Int+4 SInv}.
i - the +9 mace "Birofof" {flame, rC+ Int+4 SInv} An orc comes into view.
It is wielding a +0 hand axe.
The orc shouts!
You hear a shout!
Casting: Beastly Appendage (safe; 4% risk of failure)
Confirm with . or Enter, or press ? or * to list all spells.
You grow a pair of large bovine horns.
An orc priest comes into view. It is wielding a +0 whip.
Your transformation is almost over.
You hit the orc.
The orc is lightly wounded.
You hit the orc but do no damage. You punch the orc.
The orc is heavily wounded.
An orc comes into view. It is wielding a +0 whip.
The orc completely misses you.
You hit the orc. Your headbutt misses the orc.
The orc is severely wounded.
The orc hits you but does no damage.
You hit the orc priest but do no damage.
The orc priest invokes the aid of Beogh against you.
Beogh smites you! The orc misses you.
You hit the orc priest.
The orc priest is moderately wounded.
The orc priest mumbles some strange prayers to Beogh against you.
Pain shoots through your body! The orc barely misses you.
You barely miss the orc priest. You headbutt the orc priest.
You punch the orc priest.
The orc priest is almost dead.
The orc priest barely misses you. The orc barely misses you.
You barely miss the orc priest.
The orc priest is almost dead.
The orc priest hits you with a +0 whip. The orc hits you with a +0 hand axe.
* * * LOW HITPOINT WARNING * * *
You hit the orc priest.
You kill the orc priest!
The orc hits you with a +0 hand axe.
You die...

##...# #.. .##..# #..
..#..###.. <.#...##.#
..#...##.# #.#....#.#
.....#.#.#############.#
.#..............o.$.....
##..............@o......
...####..##############.
........># .......###
.......# .......#
.......# .......#
.......#


You could see 2 orcs.

Vanquished Creatures
  An orc priest (D:2)
  An adder (D:2)
  A ball python (D:1)
  An endoplasm (D:1)
  A giant cockroach (D:1)
  2 goblins (D:1)
  3 hobgoblins
  4 bats (D:1)
  4 kobolds
  A rat (D:1)
19 creatures vanquished.

Notes
Turn   | Place    | Note
-------+----------+-------------------------------------------
     0 | D:1      | MiltankisOP the Merfolk Transmuter began the quest for the
                  | Orb.
     0 | D:1      | Reached XP level 1. HP: 15/15 MP: 3/3
   130 | D:1      | Reached skill level 3 in Transmutations
   367 | D:1      | Reached XP level 2. HP: 15/21 MP: 3/5
   599 | D:1      | Reached skill level 4 in Transmutations
   949 | D:2      | Found a faded altar of an unknown god.
  1085 | D:2      | Reached XP level 3. HP: 13/26 MP: 6/6
  1100 | D:2      | Identified the +9 mace "Birofof" {flame, rC+ Int+4 SInv}
  1292 | D:2      | Slain by an orc

Illustrated notes

Levels and vault maps discovered:
D:1:      dpeg_arrival_refuge, layout_loops_ring, glass_columns_b
D:2:      layout_basic, nicolae_ecumenical_pavilion

Skill      XL: |  1  2 |
---------------+-------+-----
Transmutations | 3 4 |  4.0
Dodging        | 3 |  3.7
Fighting       | |  1.1
Unarmed Combat | |  3.2
Spellcasting   | |  2.0

Action                   || total
-------------------------++-------
Melee: Unarmed           ||    51
       Headbutt          ||     6
       Punch             ||     4
 Cast: Beastly Appendage ||    15
 Stab: Sleeping          ||     2
Armor: Robe              ||     5
Dodge: Dodged            ||    35
